 Dungeon Crawl Stone Soup version 0.30.1-9-gdf580d7c3d (webtiles) character file.

Game seed: 15614239927541992290

36 bearlyready the Cudgeller (level 3, -1/28 (31) HPs)
             Began as a Gnoll Reaver on Oct 14, 2023.
             Slain by a gnoll
             ... wielding a +0 spear
              (5 damage)
             ... on level 2 of the Dungeon.
             The game lasted 00:03:23 (996 turns).

bearlyready the Cudgeller (Gnoll Reaver)             Turns: 996, Time: 00:03:23

HP:   -1/28 (31)    AC:  3    Str: 11    XL:     3   Next: 37%
MP:   8/9           EV:  6    Int: 14    God:
Gold: 59            SH:  0    Dex: 10    Spells: 7/12 levels left

rFire   . . .        a - +0 mace (elec)
rCold   . . .        (no shield)
rNeg    . . .        n - +0 leather armour
rPois   .            (no helmet)
rElec   .            (no cloak)
rCorr   .            (no gloves)
SInv    .            (no boots)
Will    .....        (no amulet)
Stlth   +            (no ring)
HPRegen 0.24/turn    (no ring)
MPRegen 0.11/turn

%: no passive effects
@: held, drained
A: fangs 1, strong nose, distributed training
a: no special abilities


You were on level 2 of the Dungeon.
You visited 1 branch of the dungeon, and saw 2 of its levels.

You collected 59 gold pieces.

Inventory:

Hand Weapons
 a - a +0 mace of electrocution (weapon)
 b - a +0 sling
Armour
 n - a +0 leather armour (worn)
Jewellery
 e - an amulet of faith
 m - a ring of see invisible
Scrolls
 f - a scroll of teleportation {unknown}
 g - a scroll of immolation {unknown}
 i - a scroll of amnesia {unknown}
 j - a scroll of identify {unknown}
 k - a scroll of fog {unknown}
 l - a scroll of magic mapping {unknown}


   Skills:
 + Level 4.5 Fighting
 + Level 0.8 Short Blades
 + Level 0.8 Long Blades
 + Level 0.8 Axes
 + Level 6.5 Maces & Flails
 + Level 0.8 Polearms
 + Level 0.8 Staves
 + Level 0.8 Ranged Weapons
 + Level 0.8 Throwing
 + Level 0.8 Armour
 + Level 4.5 Dodging
 + Level 0.8 Stealth
 + Level 0.8 Shields
 + Level 0.8 Unarmed Combat
 + Level 5.0 Spellcasting
 + Level 5.4 Conjurations
 + Level 0.5 Hexes
 + Level 0.5 Summonings
 + Level 0.5 Necromancy
 + Level 0.5 Translocations
 + Level 0.5 Transmutations
 + Level 0.5 Fire Magic
 + Level 0.5 Ice Magic
 + Level 0.5 Air Magic
 + Level 0.5 Earth Magic
 + Level 0.5 Poison Magic
 + Level 1.0 Invocations
 + Level 0.8 Evocations


You had 7 spell levels left.
You knew the following spells:

 Your Spells              Type           Power      Damage    Failure   Level
a - Kiss of Death         Conj/Necr      44%        2d8       7%          1
b - Momentum Strike       Conj/Tloc      22%        3d8       10%         2
c - Wereblood             Tmut           5%         N/A       26%         2

Your spell library contained the following spells:

 Spells                   Type           Power      Damage    Failure   Level
 Beastly Appendage        Tmut           10%        N/A       19%         1
 Hailstorm                Conj/Ice       11%        3d5       21%         3
 Spider Form              Tmut/Pois      5%         N/A       47%         3


Dungeon Overview and Level Annotations

Branches:
Dungeon (2/15)

Altars:


Innate Abilities, Weirdness & Mutations

You have very sharp teeth.
Your uncanny sense of smell can sniff out nearby items.
Your experience applies equally to all skills.


Message History

* * * LOW HITPOINT WARNING * * *
The gnoll hits you with a +0 flail.
* * * LOW HITPOINT WARNING * * *
The gnoll attacks as you move away! The gnoll hits you with a +0 flail.
* * * LOW HITPOINT WARNING * * *
The gnoll attacks as you move away! The gnoll closely misses you.
Okay, then.
You aren't carrying any items that you can evoke.
Unknown command.
Casting: Kiss of Death (safe; 7% risk of failure)
Confirm with . or Enter, or press ? or * to list all spells.
Aiming: Kiss of Death (safe; 7% risk of failure)
Press: ? - help, Shift-Dir - straight line, f/p - gnoll
Aim: a gnoll, wielding a +0 flail (severely wounded, 100% to hit)
The negative energy hits the gnoll!
The gnoll is drained!
You kill the gnoll!
You feel drained.
Your Invocations skill increases to level 1!
Your magical contamination has completely faded away.
The gnoll throws a throwing net.
The throwing net hits you.
You become entangled in the net!
You see here a throwing net.
You struggle against the net.
Casting: Kiss of Death (safe; 7% risk of failure)
Confirm with . or Enter, or press ? or * to list all spells.
Aiming: Momentum Strike (safe; 10% risk of failure)
Press: ? - help, Dir - move target, f - gnoll
Aim: a gnoll, wielding a +0 spear (72% to hit)
Okay, then.
As you read the scroll labelled HOXZUS ZESURGH, it crumbles to dust.
It is a scroll of brand weapon.
Your +0 mace crackles with electricity.
a - a +0 mace of electrocution (weapon)
The gnoll hits you but does no damage.
As you read the scroll labelled APAREACERU, it crumbles to dust.
Your body is wracked with pain!
* * * LOW HITPOINT WARNING * * *
The gnoll convulses! x2; It was a scroll of torment.
The gnoll hits you from afar with a +0 spear.
You die...

#..#. #.# ###...# ##
.. ... ##...### ..
##.###≈≈≈.####
#....≈.≈....#
##..≈.≈....# .
#..≈.≈....# ....#
##.........#
##...#####.)........#
.......@.g.#..#######
.≈≈......g##.##
≈~.........#g#
~..........#g#
.............##
............#)###
...>.......##.#.##
...≈........†.#.P##
≈≈......###.#P..###P~P


You could see 2 gnolls.

Vanquished Creatures
  A gnoll (D:2)
  A dart slug (D:1)
  An endoplasm (D:1)
  A giant cockroach (D:1)
  2 hobgoblins (D:1)
  3 jackals (D:1)
  2 quokkas (D:1)
  3 ball pythons
  A bat (D:1)
  3 frilled lizards
  2 goblins (D:1)
  3 kobolds
  2 rats
25 creatures vanquished.

Notes
Turn   | Place    | Note
-------+----------+-------------------------------------------
     0 | D:1      | bearlyready the Gnoll Reaver began the quest for the Orb.
     0 | D:1      | Reached XP level 1. HP: 20/20 MP: 6/6
   230 | D:1      | Reached XP level 2. HP: 26/26 MP: 7/7
   245 | D:1      | Learned a level 2 spell: Momentum Strike
   917 | D:2      | Reached skill level 5 in Spellcasting
   917 | D:2      | Reached XP level 3. HP: 31/31 MP: 7/9
   922 | D:2      | Learned a level 2 spell: Wereblood
   983 | D:2      | HP: 1/31 [gnoll/+0 flail (10)]
   991 | D:2      | Reached skill level 1 in Invocations
   996 | D:2      | Slain by a gnoll

Illustrated notes

Levels and vault maps discovered:
D:1:      arrival_zaba_pyramid, layout_loops_ring, kennysheep_nondescript,
          minmay_misc_feat_chi
D:2:      layout_rooms, shapermc_ecumenical_altar_hornbeckon, serial_rivers,
          chequers_serial_rivers_micro_d, chequers_serial_rivers_marsh,
          chequers_serial_rivers_micro_e, chequers_serial_rivers_small_b,
          chequers_serial_rivers_small_b, chequers_serial_rivers_micro_d

Skill      XL: |  1  2  3 |
---------------+----------+-----
Spellcasting   | 5 |  5.0
Invocations    | 1 |  1.0
Fighting       | |  4.5
Short Blades   | |  0.8
Long Blades    | |  0.8
Axes           | |  0.8
Maces & Flails | |  6.5
Polearms       | |  0.8
Staves         | |  0.8
Ranged Weapons | |  0.8
Throwing       | |  0.8
Armour         | |  0.8
Dodging        | |  4.5
Stealth        | |  0.8
Shields        | |  0.8
Unarmed Combat | |  0.8
Conjurations   | |  5.4
Hexes          | |  0.5
Summonings     | |  0.5
Necromancy     | |  0.5
Translocations | |  0.5
Transmutations | |  0.5
Fire Magic     | |  0.5
Ice Magic      | |  0.5
Air Magic      | |  0.5
Earth Magic    | |  0.5
Poison Magic   | |  0.5
Evocations     | |  0.8

Action                     || total
---------------------------++-------
  Melee: Mace              ||    79
         Bite              ||     8
         Punch             ||     1
   Cast: Kiss of Death     ||     1
    Use: Scroll            ||     2
         Potion            ||     2
 Armour: Leather armour    ||    36
  Dodge: Dodged            ||    83
